 Dungeon Crawl Stone Soup version 0.26-a0-597-gb535b0901c (webtiles) character file.

Game seed: 9343545041880062268

99673 HoaS the Bludgeoner (level 16, -13/83 HPs)
             Began as a Gargoyle Fighter on Aug 27, 2020.
             Was the Champion of Makhleb.
             Mangled by an orc warrior
             ... wielding a +0 halberd
             ... led by an orc knight
              (26 damage)
             ... on level 2 of the Orcish Mines.
             The game lasted 00:49:53 (18031 turns).

HoaS the Bludgeoner (Gargoyle Fighter)             Turns: 18031, Time: 00:49:54

Health: -13/83     AC: 35    Str: 26    XL:     16   Next: 25%
Magic:  16/16      EV: 23    Int:  8    God:    Makhleb [******]
Gold:   1652       SH: 16    Dex:  9    Spells: 15/15 levels left

rFire    + + .     SeeInvis .   C - +4 morningstar (flame)
rCold    + + .     Faith    .   O - +2 shield of Resistance {rF++ rC++ MR++}
rNeg     + . .     Spirit   .   w - +1 plate armour
rPois    ∞         Reflect  .   N - +1 helmet
rElec    +         Harm     .   e - +0 cloak
rCorr    +                      t - +1 pair of gloves
MR       ++++.                  (no boots)
Stlth    ..........             y - amulet of the acrobat
HPRegen  0.23/turn              q - ring of protection from magic
MPRegen  0.15/turn              F - ring of resist corrosion

@: acrobat, flying
A: big wings, dopey 1, frail 2, negative energy resistance 1, electricity
resistance, unbreathing, petrification resistance, rot immunity, AC +12
a: Stop Flying, Minor Destruction, Lesser Servant of Makhleb, Major Destruction,
Greater Servant of Makhleb, Renounce Religion


You were on level 2 of the Orcish Mines.
You worshipped Makhleb.
Makhleb was exalted by your worship.
You visited 4 branches of the dungeon, and saw 21 of its levels.
You also visited: Bailey.

You collected 2012 gold pieces.
You spent 360 gold pieces at shops.

Inventory:

Hand Weapons
 C - a +4 morningstar of flaming (weapon)
Armour
 e - a +0 cloak (worn)
 t - a +1 pair of gloves (worn)
 w - a +1 plate armour (worn)
 N - a +1 helmet (worn)
 O - the +2 shield of Resistance (worn) {rF++ rC++ MR++}
   (You found it on level 6 of the Lair of Beasts)

   It greatly protects you from fire.
   It greatly protects you from cold.
   It affects your resistance to hostile enchantments.
Jewellery
 b - an uncursed ring of positive energy
 l - an uncursed ring of fire
 n - an uncursed ring of positive energy
 o - an uncursed ring of stealth
 q - a ring of protection from magic (left hand)
 s - an uncursed ring of fire
 y - an amulet of the acrobat (around neck)
 F - a ring of resist corrosion (right hand)
 L - an uncursed ring of protection from cold
 P - an uncursed amulet of faith
 T - an uncursed ring of ice
Wands
 c - a wand of paralysis (6)
 g - a wand of polymorph (18)
 v - a wand of iceblast (15)
 x - a wand of digging (6)
 D - a wand of acid (7)
 I - a wand of enslavement (2)
 J - a wand of random effects (14)
Scrolls
 a - 8 scrolls of magic mapping
 f - 13 scrolls of remove curse
 k - 8 scrolls of teleportation
 p - 3 scrolls of identify
 u - 3 scrolls of enchant weapon
 z - a scroll of fog
 B - 4 scrolls of fear
 K - a scroll of summoning
 Q - a scroll of blinking
 S - a scroll of acquirement {unknown}
Potions
 d - 5 potions of might
 h - 3 potions of haste
 i - 7 potions of curing
 j - 5 potions of flight
 m - 8 potions of heal wounds
 r - a potion of cancellation
 A - 3 potions of mutation
 E - 3 potions of stabbing
 G - 4 potions of lignification
 H - 4 potions of ambrosia
 M - a potion of invisibility


   Skills:
 + Level 13.0 Fighting
 - Level 16.0 Maces & Flails
 + Level 13.1 Armour
 - Level 15.0 Shields


You had 15 spell levels left.
You didn't know any spells.
Your spell library contained the following spells:

 Spells                   Type           Power        Failure   Level
 Beastly Appendage        Tmut           #.....       98%         1
 Corona                   Hex            #......      98%         1
 Foxfire                  Conj/Fire      #...         98%         1
 Magic Dart               Conj           #...         98%         1
 Summon Small Mammal      Summ           #...         98%         1
 Call Imp                 Summ           #.......     99%         2
 Corpse Rot               Necr/Air       N/A          99%         2
 Poisonous Vapours        Pois/Air       #.....       99%         2
 Searing Ray              Conj           #.....       99%         2
 Slow                     Hex            #.......     99%         2
 Wereblood                Tmut           #.......     99%         2
 Call Canine Familiar     Summ           #.......     100%        3
 Conjure Flame            Conj/Fire      #.......     100%        3
 Dazzling Flash           Conj/Hex       #.....       100%        3
 Inner Flame              Hex/Fire       #.......     100%        3
 Mephitic Cloud           Conj/Pois/Air  #.......     100%        3
 Portal Projectile        Hex/Tloc       #.....       100%        3
 Spider Form              Tmut/Pois      #.........   100%        3
 Summon Guardian Golem    Hex/Summ       #.......     100%        3
 Cause Fear               Hex            #.........   100%        4
 Dispel Undead            Necr           #.......     100%        4
 Fulminant Prism          Conj/Hex       #.........   100%        4
 Ice Form                 Ice/Tmut       #.......     100%        4
 Iskenderun's Mystic Bla  Conj/Tloc      #.......     100%        4
 Leda's Liquefaction      Hex/Erth       #.........   100%        4
 Sticky Flame             Conj/Fire      #.......     100%        4
 Summon Ice Beast         Ice/Summ       #.......     100%        4
 Summon Lightning Spire   Summ/Air       #.......     100%        4
 Agony                    Necr           #.......     100%        5
 Blade Hands              Tmut           #.........   100%        5
 Excruciating Wounds      Necr           #.........   100%        5
 Fireball                 Conj/Fire      #.........   100%        5
 Freezing Cloud           Conj/Ice/Air   #.........   100%        6
 Sublimation of Blood     Necr           Unusable     N/A         2

Dungeon Overview and Level Annotations

Branches:
Dungeon (12/15)            Temple (1/1) D:6            Lair (6/6) D:8
 Shoals (0/4) Lair:3        Snake (0/4) Lair:2        Slime (0/5) Lair:5
    Orc (2/2) D:10         Bailey (visited)
    Elf: Orc:2

Altars:
Ashenzari
Cheibriados
Dithmenos
Elyvilon
Fedhas
Gozag
Hepliaklqana
Kikubaaqudgha
Makhleb
Nemelex Xobeh
Okawaru
Qazlal
Ru
Sif Muna
Trog
Uskayaw
Vehumet
Wu Jian
Xom
Yredelemnul
Zin
The Shining One
Jiyva

Shops:
D:5 [   D:6 (   D:10 [

Annotations:
Lair:5 1 runed translucent door, Woek Giwo's ghost, journeyman MiHu


Innate Abilities, Weirdness & Mutations

You are resistant to torment.
Your stone body is resilient. (AC +12)
You are immune to poison.
Your large and strong wings let you fly indefinitely.
You resist negative energy. (rN+)
You are resistant to electric shocks. (rElec)
You can survive without breathing.
You are immune to petrification.
You are immune to rotting.
You are dopey. (Int -2)
You are very frail. (-20% HP)


Message History

The orcs go into a battle-frenzy!
The orc knight misses you. The orc misses you.
You block the orc warrior's attack. The orc warrior misses you.
The orc knight no longer looks unusually strong.
You block the orc wizard's attack. You block the orc warrior's attack.
The orc knight hits you but does no damage.
The orc completely misses you. You block the ogre's attack.
The orc knight roars a battlecry!
The orc knight goes into a battle-frenzy!
You block the orc's attack. The orc warrior completely misses you.
The orc wizard hits you but does no damage.
You block the orc warrior's attack. You block the orc's attack.
The orc warrior hits you but does no damage.
You block the orc knight's attack. You block the orc wizard's attack.
The orc knight hits you but does no damage.
The ogre misses you. The orc hits you but does no damage.
You block the orc wizard's attack. You block the orc warrior's attack.
The orc closely misses you. The orc warrior misses you.
The orc warrior hits you from afar with a +0 halberd!!
You die...

#......## #....
##.......#### #.....
#......<....##$.....
.............#.....
...............$.#
...$.####..$....##
..... ##....$ooo.#
.... #.....Oooo.##
... #.....o@ooo.#
#..
........oooo.....
......#..Oo{.....
#......#.#........
#.....######......
...## ...... ##
#..#.. ###.#


You could see 2 orc knights, 4 orc warriors, 2 ogres, an orc wizard (fast,
strong) and 8 orcs.

Vanquished Creatures
  2 orc warlords
  2 fire dragons
  Josephine (D:11)
  A great orb of eyes (D:10)
  6 hydras
  2 catoblepae
  7 death yaks
  3 two-headed ogres
  An orc knight (Orc:1)
  Pikel (D:5)
  A lindwurm (Lair:6)
  3 orc sorcerers
  2 oklob plants (Lair:2)
  A manticore (D:12)
  4 cyclopes
  11 black mambas
  7 elephants
  A gargoyle (D:10)
  2 torpor snails
  3 centaur skeletons
  2 molten gargoyles (Lair:6)
  10 cane toads
  2 rime drakes
  14 komodo dragons
  A meliai (D:10)
  3 trolls
  4 merfolk (Lair:3)
  8 blink frogs
  3 hornets
  7 hippogriffs
  A hippogriff (shapeshifter) (D:10)
  3 dream sheep (Lair:6)
  5 wraiths (D:11)
  Eustachio (D:6)
  39 yaks
  2 wyverns
  6 basilisks
  Grum (D:11)
  6 vampire mosquitoes (D:12)
  Edmund (D:5)
  A steam dragon (Lair:6)
  Menkaure (D:4)
  An acid dragon (D:11)
  4 wargs
  11 porcupines
  18 water moccasins
  Duvessa (D:5)
  3 hell hounds (Lair:6)
  25 orc warriors
  7 sky beasts
  7 black bears
  5 ice beasts
  9 ogres
  A necrophage (D:6)
  16 wolves
  2 phantoms (D:10)
  4 centaurs
  16 crocodiles
  21 bullfrogs
  7 big kobolds (D:3)
  Dowan (D:5)
  2 water moccasin zombies
  3 scorpions
  11 wights
  The ghost of XanderDroid the Covered, a weakling GnWn (D:4)
  3 killer bees (D:11)
  3 howler monkeys
  5 lava snakes (Lair:6)
  3 centaur zombies
  2 bullfrog zombies
  3 jellies
  8 hounds
  4 orc priests
  13 orc wizards
  4 bullfrog skeletons
  5 iguanas
  10 worker ants
  A killer bee zombie (D:8)
  A hound zombie (D:5)
  A hound skeleton (D:4)
  3 worker ant zombies
  23 adders
  16 gnolls
  A howler monkey skeleton (D:5)
  3 shadow imps
  4 white imps
  3 ufetubi
  6 oozes
  3 adder zombies
  An adder skeleton (D:3)
  3 worms
  A dart slug (D:2)
  4 leopard geckos
  74 orcs
  7 bats
  4 giant cockroaches
  26 goblins
  24 hobgoblins
  21 jackals
  52 kobolds
  4 quokkas
  5 ball pythons
  A ball python skeleton (D:3)
  3 frilled lizards
  2 jackal zombies (D:3)
  2 leopard gecko skeletons
  A quokka skeleton (D:6)
  A quokka zombie (D:3)
  8 rats
730 creatures vanquished.

Vanquished Creatures (others)
  An orc wizard (D:4)
  A gnoll (Orc:1)
  An orc (Orc:1)
  A bush (Lair:1)
  21 fungi
  45 plants
70 creatures vanquished.

Grand Total: 800 creatures vanquished

Notes
Turn   | Place    | Note
-------+----------+-------------------------------------------
     0 | D:1      | HoaS the Gargoyle Fighter began the quest for the Orb.
     0 | D:1      | Reached XP level 1. HP: 14/14 MP: 1/1
   114 | D:1      | Reached XP level 2. HP: 16/19 MP: 2/2
   421 | D:1      | Reached skill level 3 in Maces & Flails
   462 | D:1      | Found a snail-covered altar of Cheibriados.
   464 | D:1      | Found an opulent altar of Gozag.
   464 | D:1      | Found a white marble altar of Elyvilon.
   471 | D:1      | Reached XP level 3. HP: 22/23 MP: 3/3
   475 | D:1      | Found a shimmering altar of Xom.
   475 | D:1      | Found a shimmering altar of Xom.
   475 | D:1      | Found a burning altar of Makhleb.
  1475 | D:2      | Reached XP level 4. HP: 26/28 MP: 4/4
  1979 | D:3      | Reached skill level 4 in Maces & Flails
  2098 | D:3      | Reached XP level 5. HP: 23/32 MP: 5/5
  2387 | D:3      | Noticed a big kobold
  2409 | D:3      | Killed a big kobold
  2409 | D:3      | Reached skill level 5 in Maces & Flails
  2409 | D:3      | Reached XP level 6. HP: 29/37 MP: 6/6
  2516 | D:3      | Reached skill level 5 in Shields
  2578 | D:3      | Reached skill level 6 in Maces & Flails
  2578 | D:3      | Reached XP level 7. HP: 41/41 MP: 7/7
  2762 | D:3      | Reached skill level 7 in Maces & Flails
  3094 | D:4      | Found a transporter.
  3138 | D:4      | Found a transporter.
  3138 | D:4      | Noticed XanderDroid's ghost (weakling GnWn)
  3240 | D:4      | Noticed Menkaure
  3241 | D:4      | Found a basalt altar of Yredelemnul.
  3241 | D:4      | Found an ancient bone altar of Kikubaaqudgha.
  3259 | D:4      | Found a transporter.
  3270 | D:4      | Found a transporter.
  3509 | D:4      | Reached XP level 8. HP: 19/46 MP: 8/8
  4022 | D:4      | Killed XanderDroid's ghost
  4180 | D:4      | Reached skill level 8 in Maces & Flails
  4184 | D:4      | Killed Menkaure
  4312 | D:5      | Entered Level 5 of the Dungeon
  4445 | D:5      | Noticed Duvessa
  4445 | D:5      | Noticed Dowan
  4456 | D:5      | Killed Duvessa
  4460 | D:5      | Killed Dowan
  4460 | D:5      | Reached skill level 9 in Maces & Flails
  4613 | D:5      | Noticed Edmund
  4636 | D:5      | Killed Edmund
  4636 | D:5      | Reached XP level 9. HP: 37/51 MP: 9/9
  4761 | D:5      | Noticed Pikel
  4775 | D:5      | Killed Pikel
  4775 | D:5      | Reached skill level 10 in Maces & Flails
  4927 | D:5      | Found a glowing silver altar of Zin.
  5030 | D:5      | Found Vustanu's Armour Emporium.
  5034 | D:5      | Found a hide-covered altar of Uskayaw.
  5034 | D:5      | Found a hazy altar of Hepliaklqana.
  5056 | D:5      | Bought a cursed +0 plate armour for 300 gold pieces
  5621 | D:6      | Noticed Eustachio
  5644 | D:6      | Killed Eustachio
  5814 | D:6      | Reached skill level 11 in Maces & Flails
  6041 | D:6      | Found a shattered altar of Ashenzari.
  6080 | D:6      | Found a staircase to the Ecumenical Temple.
  6095 | Temple   | Entered the Ecumenical Temple
  6269 | Temple   | Became a worshipper of Makhleb the Destroyer
  6499 | D:6      | Reached XP level 10. HP: 56/56 MP: 10/10
  6827 | D:6      | Found Toill's Weapon Emporium.
  7109 | D:7      | Found a bloodstained altar of Trog.
  7125 | D:7      | Reached * piety under Makhleb
  7166 | D:6      | Bought a +0 morningstar for 60 gold pieces
  7640 | D:8      | Reached skill level 12 in Maces & Flails
  7655 | D:8      | Reached skill level 10 in Shields
  7693 | D:8      | Found a staircase to the Lair.
  7789 | D:8      | Found a bloodstained altar of Trog.
  7792 | D:8      | Reached ** piety under Makhleb
  8003 | D:8      | Noticed a catoblepas
  8021 | D:8      | Killed a catoblepas
  8302 | D:9      | Reached skill level 13 in Maces & Flails
  8361 | D:9      | Reached XP level 11. HP: 60/60 MP: 11/11
  8740 | D:10     | Entered Level 10 of the Dungeon
  8839 | D:10     | Reached *** piety under Makhleb
  8893 | D:10     | Found a staircase to the Orcish Mines.
  8925 | D:10     | Found Vijoa's Antique Armour Boutique.
  9049 | D:10     | Reached skill level 14 in Maces & Flails
  9101 | D:10     | Noticed a two-headed ogre
  9110 | D:10     | Killed a two-headed ogre
  9134 | D:10     | Noticed a great orb of eyes
  9136 | D:10     | Paralysed by a great orb of eyes for 3 turns
  9148 | D:10     | Killed a great orb of eyes
  9158 | D:10     | Reached **** piety under Makhleb
  9198 | D:10     | Noticed a catoblepas
  9214 | D:10     | Killed a catoblepas
  9218 | D:10     | Reached XP level 12. HP: 64/64 MP: 12/12
  9297 | D:10     | Reached skill level 15 in Maces & Flails
  9338 | D:10     | Noticed a two-headed ogre
  9354 | D:10     | Killed a two-headed ogre
  9871 | Lair:1   | Entered Level 1 of the Lair of Beasts
 10178 | Lair:1   | Reached ***** piety under Makhleb
 10187 | Lair:1   | Reached skill level 16 in Maces & Flails
 10864 | Lair:2   | Found a staircase to the Snake Pit.
 10930 | Lair:2   | Reached XP level 13. HP: 56/68 MP: 13/13
 11177 | Lair:2   | Reached skill level 15 in Shields
 11369 | Lair:2   | You fall into a shaft and drop 2 floors!
 11753 | Lair:3   | Reached skill level 5 in Fighting
 11753 | Lair:3   | Reached skill level 5 in Armour
 11994 | Lair:2   | Noticed a fire dragon
 12007 | Lair:2   | Killed a fire dragon
 12357 | Lair:3   | Found a staircase to the Shoals.
 13461 | Lair:5   | Found a runed translucent door.
 13462 | Lair:5   | Found a shimmering altar of Xom.
 13462 | Lair:5   | Noticed Woek Giwo's ghost (journeyman MiHu)
 13928 | Lair:5   | Gained mutation: Your large and strong wings let you fly
                  | indefinitely. [Gargoyle growth]
 13928 | Lair:5   | Reached XP level 14. HP: 84/84 MP: 14/14
 14009 | Lair:5   | Found a viscous altar of Jiyva.
 14009 | Lair:5   | Found a staircase to the Slime Pits.
 14208 | Lair:4   | Reached ****** piety under Makhleb
 14219 | Lair:6   | Entered Level 6 of the Lair of Beasts
 14572 | Lair:6   | Reached skill level 10 in Armour
 14577 | Lair:6   | Reached skill level 10 in Fighting
 14866 | Lair:6   | Found a large runed translucent door.
 14886 | Lair:6   | Found a large runed translucent door.
 15179 | Lair:6   | Found the +2 shield of Resistance {rF++ rC++ MR++}
 15959 | D:11     | Noticed Josephine
 15980 | D:11     | Killed Josephine
 16077 | D:11     | Noticed Grum
 16099 | D:11     | Killed Grum
 16800 | D:12     | Reached XP level 15. HP: 96/96 MP: 15/15
 17158 | Orc:1    | Entered Level 1 of the Orcish Mines
 17205 | Orc:1    | Found a flagged portal.
 17206 | Orc:1    | Noticed an orc warlord
 17304 | D:10     | Killed an orc warlord
 17366 | Bailey   | Entered a bailey
 17665 | Bailey   | Noticed an orc warlord
 17683 | Bailey   | Killed an orc warlord
 17782 | Bailey   | Reached XP level 16. HP: 104/104 MP: 16/16
 17820 | Orc:1    | Gained mutation: You are dopey. (Int -2) [a neqoxec]
 17821 | Orc:1    | Gained mutation: You are frail. (-10% HP) [a neqoxec]
 17824 | Orc:1    | Gained mutation: You are very frail. (-20% HP) [a neqoxec]
 17993 | Orc:2    | Entered Level 2 of the Orcish Mines
 18031 | Orc:2    | Mangled by an orc warrior

Illustrated notes

Levels and vault maps discovered:
D:1:      psy_arrival_conway, layout_loops_ring, hangedman_decor_push,
          nrook_campfire, roderic_lattice_a, corner_web_ring,
          doesnt_xom_only_xom
D:2:      layout_rooms
D:3:      minmay_goblin_kobold_castle, layout_basic, serial_undead,
          serial_undead_f, serial_undead_a, serial_undead_e, serial_undead_b,
          serial_undead_d, serial_undead_d, minmay_misc_feat_columns,
          minmay_circle_x
D:4:      layout_loops_corners, gammafunk_temple_of_torment,
          gammafunk_ghost_mausoleum, due_unseen_surprise, uniq_menkaure
D:5:      layout_basic, kennysheep_mini, gammafunk_temple_overflow_statue,
          serial_shops, nicolae_shop_window_shopping, feat_on_display,
          uniq_edmund, uniq_pikel, uniq_duvessa
D:6:      layout_basic, temple_statues, serial_shops, shop_fountains,
          minmay_misc_feat_x, nicolae_ashenzari_panopticon, uniq_eustachio
D:7:      layout_rooms, bloody_trog
D:8:      layout_basic, lemuel_crystal_altar, minmay_lair_entry_grove,
          serial_glass, glass_columns_b, glass_columns_c, glass_columns_b,
          glass_columns_a, glass_columns_a, glass_columns_c, item_on_display_a,
          feat_on_display, minmay_small_thing
D:9:      layout_rooms
D:10:     minmay_the_grid_4x2 [minmay_the_grid_all_tris,
          minmay_the_grid_broken_lines, minmay_the_grid_garden,
          minmay_the_grid_square_x, minmay_the_grid_outer_diamond,
          minmay_the_grid_rooms, minmay_the_grid_odd_star,
          minmay_the_grid_prize_big_room], layout_loops_ring,
          minmay_orc_entry_guard_dogs, serial_shops, nicolae_shop_statue_plus,
          chequers_serial_rivers_micro_a
D:11:     layout_stronghold, uniq_grum, uniq_josephine
D:12:     layout_long_grid
Temple:   eino_temple_scatter_basement
Lair:1:   layout_cave_pods, chequers_serial_rivers_marsh,
          infiniplex_staircase_pool_2
Lair:2:   dragon1_lemuel, layout_chaotic_city, minmay_snake_entry_six_corridors,
          lemuel_fruit_tree, minmay_lair_oklob_chamber
Lair:3:   layout_loops_ring, elwin_shoals_entry_stream, grunt_megastairs_3
Lair:4:   layout_layer_cave, serial_bayou_crossing
Lair:5:   cheibrodos_lair_river_kwai, layout_misc_corridors,
          dpeg_slime_entry_enclosed_altar, ebering_ghost_xom
Lair:6:   cheibrodos_lair_end_hotspot, layout_regular_city, st_stairs_3,
          chequers_serial_rivers_marsh
Orc:1:    layout_diamond_mine, enter_bailey_3
Orc:2:    grunt_orc_tribal_feast, layout_diamond_mine

Skill      XL: |  1  2  3  4  5  6  7  8  9 10 11 12 13 14 15 |
---------------+----------------------------------------------+-----
Maces & Flails | 3 4 5 6 7 9 11 13 14 16 | 16.0
Shields        | 4 5 6 7 9 10 12 14 15 | 15.0
Armour         | 8 11 13 | 13.1
Fighting       | 8 11 13 | 13.0

Action                   |  1- 3 |  4- 6 |  7- 9 | 10-12 | 13-15 | 16-18 || total
-------------------------+-------+-------+-------+-------+-------+-------++-------
Melee: Flail             |   124 |   229 |   503 |   389 |       |       ||  1245
       Morningstar       |       |       |       |   515 |  1241 |    32 ||  1788
 Abil: Fly               |       |       |       |       |     1 |       ||     1
  Use: Scroll            |     6 |     3 |     8 |    13 |    10 |       ||    40
       Potion            |       |       |     1 |       |     1 |       ||     2
Armor: Scale mail        |    55 |    17 |       |       |       |       ||    72
       Chain mail        |       |   140 |    69 |       |       |       ||   209
       Steam dragon scal |       |       |    77 |       |       |       ||    77
       Plate armour      |       |       |    53 |   392 |   497 |    34 ||   976
Dodge: Dodged            |    41 |    65 |    74 |   117 |   255 |    84 ||   636
Block: Kite shield       |    54 |   174 |   208 |   482 |   831 |    91 ||  1840

Table legend: (Time is in decaauts)
 A = Elapsed time spent in this place.
 B = Non-inter-level travel time spent in this place.
 C = Inter-level travel time spent in this place.
 D = Time resting spent in this place.
 E = Time spent auto-exploring this place.
 F = Levels seen in this place.
 G = Mean time per level.
                   A        B        C        D        E       F      G
               +--------+--------+--------+--------+--------+-----+--------+
         Total |  17599 |  16420 |   1179 |   1082 |  10808 |  22 |  800.0 |
       Dungeon |  11155 |  10428 |    727 |    968 |   6504 |  12 |  929.6 |
        Temple |    191 |    146 |     45 |      0 |    144 |   1 |  191.0 |
          Lair |   5523 |   5140 |    383 |     81 |   3854 |   6 |  920.5 |
  Orcish Mines |    335 |    312 |     23 |      0 |    143 |   2 |  167.5 |
        Bailey |    393 |    393 |      0 |     33 |    163 |   1 |  393.0 |
               +--------+--------+--------+--------+--------+-----+--------+

Top non-repeatable levels by time:
     D:6: 1486 daAuts
     D:3: 1322 daAuts
     D:4: 1283 daAuts
  Lair:6: 1227 daAuts
    D:10: 1160 daAuts
  Lair:4: 1150 daAuts
     D:1: 1078 daAuts
     D:5: 993 daAuts
  Lair:1: 878 daAuts
  Lair:2: 858 daAuts
     D:8: 818 daAuts
    D:11: 811 daAuts
  Lair:5: 808 daAuts
     D:2: 749 daAuts
  Lair:3: 599 daAuts
